 Dungeon Crawl Stone Soup version 0.31-a0-221-gbddc013574 (webtiles) character file.

Game seed: 3854648421596083984

27 reriks the Shooter (level 2, -2/26 HPs)
             Began as a Minotaur Hunter on July 4, 2023.
             Succumbed to an orc wizard's poison
             ... on level 4 of the Dungeon.
             The game lasted 00:01:10 (1213 turns).

reriks the Shooter (Minotaur Hunter)                Turns: 1213, Time: 00:01:11

Health: -2/26      AC:  8    Str: 15    XL:     2   Next: 93%
Magic:  1/1        EV:  7    Int:  6    God:
Gold:   127        SH:  0    Dex: 13    Spells: 1/1 levels left

rFire   . . .        a - +0 shortbow
rCold   . . .        (shield currently unavailable)
rNeg    . . .        i - +0 chain mail
rPois   .            (helmet restricted)
rElec   .            (no cloak)
rCorr   .            (no gloves)
SInv    .            (no boots)
Will    .....        (no amulet) Stlth
                     (no ring)
HPRegen 0.24/turn    (no ring)
MPRegen 0.07/turn

%: no passive effects
@: lethally poisoned (-2 -> -40)
A: horns 2, retaliatory headbutt
a: no special abilities


You were on level 4 of the Dungeon.
You visited 1 branch of the dungeon, and saw 3 of its levels.

You collected 127 gold pieces.

Inventory:

Hand Weapons
 a - a +0 shortbow (weapon)
Armour
 c - a +0 leather armour
 i - a +0 chain mail (worn)
Scrolls
 b - a scroll of butterflies
 e - a scroll of teleportation
Potions
 f - a potion of ambrosia {unknown}
 g - a potion of magic {unknown}
 h - a potion of curing {unknown}


   Skills:
 + Level 3.0 Fighting
 + Level 4.7 Ranged Weapons
 + Level 2.6 Dodging
 + Level 1.4 Stealth


You had one spell level left.
You didn't know any spells.
Your spell library contained the following spells:

 Spells                   Type           Power      Damage    Failure   Level
 Portal Projectile        Hex/Tloc       0%         N/A       100%        3
 Tukima's Dance           Hex            0%         N/A       100%        3
 Blade Hands              Tmut           0%         N/A       100%        5


Dungeon Overview and Level Annotations

Branches:
Dungeon (2/15)

Altars:


Innate Abilities, Weirdness & Mutations

You have a pair of horns on your head.
You reflexively headbutt those who attack you in melee.


Message History

You shoot an arrow. The arrow hits the giant cockroach.
You kill the giant cockroach!
No target in view!
No target in view!
An orc wizard comes into view. It is wielding a +1 dagger of venom.
The orc wizard shouts!
You hear a shout! x2
You shoot an arrow. The arrow hits the orc wizard.
The orc wizard is lightly wounded.
You shoot an arrow. The arrow hits the orc wizard.
The orc wizard is heavily wounded.
You shoot an arrow. The arrow barely misses the orc wizard.
The orc wizard casts a spell at you. The puff of flame hits you.
An orc comes into view. It is wielding a +0 whip.
You shoot an arrow. The arrow misses the orc wizard.
The orc shouts!
The orc wizard points at you and mumbles some strange words.
The magic dart hits you but does no damage.
You shoot an arrow.
The arrow hits the orc wizard but does no damage.
The orc wizard is moderately wounded.
The orc wizard hits you but does no damage.
You are poisoned.
You shoot an arrow. The arrow barely misses the orc wizard.
You feel very sick.
The orc wizard hits you but does no damage.
You are more poisoned.
An orc comes into view. It is wielding a +0 short sword.
The orc wizard hits you with a +1 dagger of venom.
You are lethally poisoned!
You shoot an arrow.
The arrow closely misses the orc wizard.
You feel extremely sick.
The orc wizard hits you but does no damage.
You are more poisoned.
The orc wizard attacks as you move away!
The orc wizard hits you with a +1 dagger of venom.
* * * LOW HITPOINT WARNING * * *
You are more poisoned.
You die...

... ... .....#
....# ##.#.#
....# #.#.#
#.#o#######.##
#...o...o.....
##@###.####...
#.##..###
#.......#
#.#####.# #.#
.# #.. # #.#
#.#


You could see an orc wizard and 2 orcs.

Vanquished Creatures
  A dart slug (D:1)
  A bat (D:1)
  3 endoplasms
  2 giant cockroaches
  3 hobgoblins
  A quokka (D:1)
  3 ball pythons
  A frilled lizard (D:1)
  4 kobolds (D:1)
  4 rats (D:1)
23 creatures vanquished.

Notes
Turn   | Place    | Note
-------+----------+-------------------------------------------
     0 | D:1      | reriks the Minotaur Hunter began the quest for the Orb.
     0 | D:1      | Reached XP level 1. HP: 18/18 MP: 0/0
     3 | D:1      | Noticed an electric eel
     4 | D:1      | Noticed an electric eel
   269 | D:1      | Reached skill level 1 in Stealth
   430 | D:1      | Reached XP level 2. HP: 25/25 MP: 1/1
  1198 | D:2      | You fall into a shaft and drop 2 floors!
  1213 | D:4      | Succumbed to an orc wizard's poison

Illustrated notes

Levels and vault maps discovered:
D:1:      arrival_aquarium_b, layout_basic
D:2:      layout_rooms, shapermc_ecumenical_altar_ellora,
          chequers_serial_rivers_small_3
D:4:      layout_loops_cross, nicolae_sif_muna_little_library, serial_shops,
          nicolae_shop_tiny_waterfront, guppyfry_early_orc_mine, uniq_natasha

Skill      XL: |  1  2 |
---------------+-------+-----
Stealth        | 1 |  1.4
Fighting       | 3 |  3.0
Ranged Weapons | |  4.7
Dodging        | |  2.6

Action                     || total
---------------------------++-------
   Fire: Shortbow          ||    68
    Use: Scroll            ||     2
 Armour: Leather armour    ||     1
         Chain mail        ||    18
  Dodge: Dodged            ||     2

Table legend: (Time is in decaauts)
 A = Elapsed time spent in this place.
 B = Non-inter-level travel time spent in this place.
 C = Inter-level travel time spent in this place.
 D = Time resting spent in this place.
 E = Time spent auto-exploring this place.
 F = Levels seen in this place.
 G = Mean time per level.
                   A        B        C        D        E       F      G
               +--------+--------+--------+--------+--------+-----+--------+
         Total |   1245 |   1178 |     67 |     42 |    955 |   3 |  415.0 |
       Dungeon |   1245 |   1178 |     67 |     42 |    955 |   3 |  415.0 |
               +--------+--------+--------+--------+--------+-----+--------+

Top non-repeatable levels by time:
     D:1: 1091 daAuts
     D:2: 134 daAuts
     D:4: 19 daAuts
